 Dungeon Crawl Stone Soup version 0.17-a0-1910-g4c791fa (webtiles) character file.

2332 Fv001 the Covert (level 9, 0/43 HPs)
             Began as a Spriggan Enchanter on Sept 25, 2015.
             Was a Believer of Dithmenos.
             Killed from afar by Erica (11 damage)
             ... with an orb of energy
             ... on level 8 of the Dungeon on Sept 26, 2015.
             The game lasted 00:47:44 (5588 turns).

Fv001 the Covert (Spriggan Enchanter)               Turns: 5588, Time: 00:47:44

Health: 0/43       AC:  6    Str:  9    XL:     9   Next: 19%
Magic:  16/19      EV: 22    Int: 20    God:    Dithmenos [**....]
Gold:   92         SH:  6    Dex: 17    Spells: 5 memorised, 8 levels left

rFire  . . .     SeeInvis +     a - +3 dagger (elec)
rCold  . . .     Clarity  .     m - +1 robe
rNeg   . . .     SustAt   .     j - +0 buckler
rPois  .         Gourm    .     (helmet restricted)
rElec  .         Spirit   .     B - +0 cloak
rCorr  .         Warding  .     (gloves unavailable)
rMut   +         Stasis   .     (boots unavailable)
MR     +....                    G - amulet of resist mutation
Stlth  ++++++....               K - +2 ring of strength
                                z - ring of wizardry

@: wreathed by umbra, very quick, somewhat resistant to hostile enchantments,
very stealthy
A: unfitting armour, slimy green scales 1, see invisible, clever 1, herbivore 3,
speed 3, slow metabolism 2, strong 1
a: Shadow Step, Renounce Religion


You were on level 8 of the Dungeon.
You worshipped Dithmenos.
Dithmenos was pleased with you.
You were not hungry.

You visited 2 branches of the dungeon, and saw 9 of its levels.

You collected 377 gold pieces.
You spent 285 gold pieces at shops.

Inventory:

Hand weapons
 a - a +3 dagger of electrocution (weapon)
 b - a +0 flail of protection
 p - a +1 short sword of draining
 v - the +7 whip of Floods {freeze, +Blink +Inv Str-4 Int+4}
   (You found it on level 7 of the Dungeon)

   It has been specially enchanted to freeze those struck by it, causing extra
   injury to most foes and up to half again as much damage against particularly
   susceptible opponents.
   It can also slow down cold-blooded creatures.
   It affects your strength (-4).
   It affects your intelligence (+4).
   It lets you turn invisible.
   It lets you blink.
Armour
 j - a +0 buckler (worn)
 m - a +1 robe (worn)
 B - a +0 cloak (worn)
Jewellery
 n - an uncursed ring of flight
 s - an uncursed ring of invisibility
 z - a ring of wizardry (left hand)
 G - an amulet of resist mutation (around neck)
 H - an uncursed ring of wizardry
 K - a +2 ring of strength (right hand)
Magical devices
 J - a wand of frost (39)
Scrolls
 i - 7 scrolls of remove curse
 l - 4 scrolls of amnesia
 o - 3 scrolls of magic mapping
 r - 2 scrolls of teleportation
 x - a scroll of blinking {unknown}
 y - 2 scrolls of random uselessness
 E - a scroll of enchant armour {unknown}
 I - a scroll of fear
 L - a scroll of noise {unknown}
 M - a scroll of fog
 O - a scroll of torment
 P - a scroll of immolation
Potions
 e - 2 potions of curing
 f - 2 potions of mutation
 g - a potion of haste
 h - a potion of might
 k - a potion of magic
 q - a potion of cancellation
 t - 2 potions of lignification {unknown}
 u - a potion of invisibility {unknown}
 w - a potion of agility {unknown}
 A - 3 potions of brilliance
 F - 2 potions of flight
Books
 c - a book of Maledictions

   Spells                             Type                      Level
   a - Corona                         Hexes                        1
   b - Ensorcelled Hibernation        Hexes/Ice                    2
   c - Confuse                        Hexes                        3
   d - Tukima's Dance                 Hexes                        3
   e - Dazzling Spray                 Conjuration/Hexes            3
Comestibles
 d - 8 bread rations
 C - a royal jelly


   Skills:
 + Level 2.3 Fighting
 + Level 3.4 Short Blades
 + Level 0.1 Maces & Flails
 * Level 7.3 Dodging
 * Level 8.4 Stealth
 + Level 2.1 Shields
 * Level 6.3 Spellcasting
 + Level 1.3 Conjurations
 * Level 7.0 Hexes
 + Level 2.3 Ice Magic
 + Level 1.4 Invocations
 + Level 3.8 Evocations


You had 8 spell levels left.
You knew the following spells:

 Your Spells              Type           Power        Failure   Level  Hunger
a - Corona                Hex            ####...      1%          1    None
b - Ensorcelled Hibernat  Hex/Ice        ####..       1%          2    None
c - Confuse               Hex            ####....     1%          3    ##.....
d - Tukima's Dance        Hex            ####....     1%          3    ##.....
e - Dazzling Spray        Conj/Hex       ###.....     4%          3    ##.....


Dungeon Overview and Level Annotations

Branches:
Dungeon (8/15)             Temple (1/1) D:4
   Lair: D:8-11

Altars:
Ashenzari
Cheibriados
Dithmenos
Elyvilon
Fedhas
Gozag
Kikubaaqudgha
Makhleb
Nemelex Xobeh
Okawaru
Qazlal
Ru
Trog
Vehumet
Xom
Yredelemnul
Zin
The Shining One

Shops:
D:6 *   D:7 ?

Annotations:
D:8 Erica


Innate Abilities, Weirdness & Mutations

You are tiny and cannot use many weapons and most armour.
You have supernaturally acute eyesight.
You are a herbivore.
You cover ground extremely quickly.
You need consume almost no food.
You are partially covered in slimy green scales (AC +2).
Your mind is acute. (Int +2)
Your muscles are strong. (Str +2)


Message History

You see here 3 arrows.
Erica zaps a wand.
The bolt of cold hits you!
A hound skeleton comes into view.
The hound skeleton moves out of view.
You hit the hound skeleton. The hound skeleton barely misses you.
You hit the hound skeleton. The hound skeleton misses you.
You hit the hound skeleton. You block the hound skeleton's attack.
You hit the hound skeleton. The hound skeleton misses you.
You hit the hound skeleton. The hound skeleton closely misses you.
You hit the hound skeleton.
There is a sudden explosion of sparks!
You destroy the hound skeleton!
Dithmenos accepts your kill.
Your Hexes skill increases to level 7!
Erica casts a spell at you.
You easily resist.
The centaur shoots an arrow.
The arrow hits you!
* * * LOW HITPOINT WARNING * * *
Erica gestures at you while chanting. The orb of energy hits you!
You die...

...........#.##..........#
#.<
.......###.#.####........#
#.. ..(......#.#.##
#........# #..
..............###........#
#..
...#####.....c...#.....).#
#..
.#....###.##..##@........#
### .#....#
#.##.c##.#.......#
##....###.(......#########
.......(.)####..@# ###
........c.# #.#.# #.#
..........# #.#.# ### #.#
..[...c...# #.#.###.# #.#
.........## #.....#.###.#
.........# #####.#.....#
.........# #.#.###†#
.........# #.......#####
.........# #######.>...#


You could see Erica and a centaur.

Vanquished Creatures
  Grinder (D:6)
  A hippogriff (D:8)
  A mottled dragon (D:8)
  A hungry ghost (D:7)
  A water moccasin (D:7)
  2 ice beasts (D:8)
  2 sky beasts (D:8)
  An ogre (D:8)
  A phantom (D:4)
  3 centaurs (D:5)
  A giant frog (D:6)
  2 scorpions
  A wasp zombie (D:7)
  A centaur zombie (D:6)
  3 crimson imps
  2 jellies
  An orc priest (D:8)
  A quasit (D:6)
  2 iguanas
  2 orc wizards
  4 worker ants
  A hound skeleton (D:8)
  6 adders
  3 gnolls (D:7)
  2 shadow imps (D:6)
  2 adder skeletons (D:5)
  4 worms
  3 giant geckos
  16 orcs
  A ball python (D:2)
  10 bats
  4 giant cockroaches
  6 goblins
  5 hobgoblins
  5 kobolds
  A ball python skeleton (D:4)
  A giant gecko skeleton (D:6)
  2 giant newts
  7 jackals
  2 quokkas
  A quokka zombie (D:5)
  9 rats
125 creatures vanquished.

Vanquished Creatures (others)
  A wizard (D:3)
1 creature vanquished.

Grand Total: 126 creatures vanquished

Notes
Turn   | Place    | Note
--------------------------------------------------------------
     0 | D:1      | Fv001 the Spriggan Enchanter began the quest for the Orb.
     0 | D:1      | Reached XP level 1. HP: 9/9 MP: 5/5
   174 | D:1      | Reached XP level 2. HP: 5/13 MP: 6/6
   288 | D:1      | Learned a level 2 spell: Ensorcelled Hibernation
   654 | D:2      | Found a burning altar of Makhleb.
   676 | D:2      | Reached XP level 3. HP: 17/17 MP: 1/8
   692 | D:2      | Learned a level 3 spell: Confuse
  1464 | D:3      | Reached skill level 1 in Fighting
  1464 | D:3      | Reached XP level 4. HP: 20/22 MP: 10/10
  1749 | D:3      | Found a bloodstained altar of Trog.
  1754 | D:3      | Noticed a wizard
  1761 | D:3      | Killed a wizard
  1764 | D:3      | Learned a level 3 spell: Tukima's Dance
  2035 | D:4      | Reached skill level 5 in Stealth
  2151 | D:4      | Reached skill level 1 in Ice Magic
  2151 | D:4      | Reached XP level 5. HP: 25/25 MP: 11/11
  2187 | D:4      | Noticed a phantom
  2222 | D:4      | Killed a phantom
  2222 | D:4      | Reached skill level 1 in Evocations
  2533 | D:4      | Reached XP level 6. HP: 24/30 MP: 10/13
  2556 | D:4      | Found a stormy altar of Qazlal.
  2567 | D:4      | Found an ancient bone altar of Kikubaaqudgha.
  2726 | D:4      | Found a staircase to the Ecumenical Temple.
  2735 | Temple   | Entered the Ecumenical Temple
  2804 | Temple   | Became a worshipper of Dithmenos the Shadowed
  2847 | D:5      | Entered Level 5 of the Dungeon
  2890 | D:5      | Found a burning altar of Makhleb.
  2892 | D:5      | Found a white marble altar of Elyvilon.
  3001 | D:5      | Reached skill level 5 in Hexes
  3018 | D:5      | Reached skill level 5 in Dodging
  3018 | D:5      | Reached skill level 6 in Stealth
  3018 | D:5      | Reached skill level 1 in Shields
  3062 | D:5      | Found a basalt altar of Yredelemnul.
  3062 | D:5      | Found a sparkling altar of Nemelex Xobeh.
  3191 | D:5      | Reached XP level 7. HP: 25/33 MP: 2/15
  3233 | D:5      | Learned a level 3 spell: Dazzling Spray
  3342 | D:6      | Reached skill level 5 in Spellcasting
  3651 | D:6      | Noticed Grinder
  3666 | D:6      | Killed Grinder
  3718 | D:6      | Reached skill level 7 in Stealth
  3718 | D:6      | Reached XP level 8. HP: 39/39 MP: 15/17
  3848 | D:6      | Found Uhoewn's Assorted Antiques.
  3856 | D:6      | Bought a scroll of identify for 50 gold pieces
  4557 | D:7      | Found Bemaz's Magic Scroll Boutique.
  4563 | D:7      | Got a brightly glowing whip
  4564 | D:7      | Lost strength.
  4564 | D:7      | Identified the +7 whip of Floods {freeze, +Blink +Inv Str-4 Int+4} (You found it on level 7 of the Dungeon)
  4580 | D:7      | Bought 3 scrolls of identify for 66 gold pieces
  4580 | D:7      | Bought a scroll of torment for 82 gold pieces
  4580 | D:7      | Bought a scroll of random uselessness for 11 gold pieces
  4580 | D:7      | Bought a scroll of amnesia for 38 gold pieces
  4580 | D:7      | Bought a scroll of immolation for 38 gold pieces
  4583 | D:7      | Gained mutation: You are partially covered in slimy green scales (AC +2). [potion of beneficial mutation]
  4584 | D:7      | Gained mutation: Your mind is acute. (Int +2) [potion of beneficial mutation]
  4585 | D:7      | Gained mutation: Your muscles are strong. (Str +2) [potion of beneficial mutation]
  4619 | D:7      | Upgraded the game from 0.17-a0-1909-g0b14330 to 0.17-a0-1910-g4c791fa
  4918 | D:8      | Reached skill level 1 in Invocations
  5049 | D:8      | Reached skill level 8 in Stealth
  5049 | D:8      | Reached XP level 9. HP: 32/42 MP: 9/19
  5146 | D:8      | Acquired Dithmenos's first power
  5146 | D:8      | Reached skill level 1 in Conjurations
  5555 | D:8      | Noticed Erica
  5557 | D:8      | Noticed a troll
  5588 | D:8      | Killed from afar by Erica

Vault maps used:
D:1:      dpeg_arrival_rooms_c, minmay_distorted
D:2:      serial_forest, infiniplex_forest_straight_4, infiniplex_forest_end_2,
          infiniplex_forest_lined_room_2, infiniplex_forest_lined_3_way,
          infiniplex_forest_clump_diagonal, infiniplex_forest_straight_2,
          infiniplex_forest_lined_3, bloody_makhleb
D:3:      trog_wizard
D:4:      amethyst_overflow_temple_binary, minmay_temple_entry_fiery,
          first_bread
D:5:      nicolae_overflow_quartered_altars
D:6:      serial_shops, shop, uniq_grinder
D:7:      serial_shops, shop
D:8:      uniq_erica
Temple:   circular_temple_12

Action                   |  1- 3 |  4- 6 |  7- 9 || total
-------------------------+-------+-------+-------++-------
Melee: Dagger            |    83 |    65 |   121 ||   269
       Flail             |       |       |    12 ||    12
 Cast: Corona            |     5 |     3 |     1 ||     9
       Ensorcelled Hiber |    18 |    13 |    34 ||    65
       Confuse           |     2 |     5 |    11 ||    18
  Use: Scroll            |    10 |     1 |     8 ||    19
       Potion            |       |       |     3 ||     3
 Stab: Sleeping          |    24 |    19 |    33 ||    76
       Confused          |     2 |     2 |     5 ||     9
  Eat: Fruit             |       |     2 |     2 ||     4
       Pizza             |       |       |     1 ||     1
